 Dungeon Crawl Stone Soup version 0.31-a0-810-ga77100ea1a (webtiles) character file.

Game seed: 8703022890327461606

552 dynsetu the Changeling (level 7, -7/50 HPs)
             Began as a Merfolk Shapeshifter on Sept 21, 2023.
             Mangled by a killer bee (9 damage)
             ... on level 5 of the Dungeon.
             The game lasted 00:13:58 (3914 turns).

dynsetu the Changeling (Merfolk Shapeshifter)       Turns: 3914, Time: 00:13:59

Health: -7/50      AC:  2    Str: 23    XL:     7   Next: 29%
Magic:  7/7        EV: 13    Int:  9    God:
Gold:   186        SH:  0    Dex: 13    Spells: 6/6 levels left

rFire   . .          .
                       - Unarmed
rCold   . . .        (no shield)
rNeg    . . .        a - +0 animal skin
rPois   .            (helmet currently unavailable)
rElec   .            (cloak currently unavailable)
rCorr   .            u - melded +0 pair of gloves
SInv    .            (boots currently unavailable)
Will    .....        (no amulet)
Stlth   ++           e - +6 ring of strength
HPRegen 0.28/turn    (no ring)
MPRegen 0.10/turn

%: no passive effects
@: lethally poisoned (-7 -> -13), beast-form
A: beast (slay +3), (nimble swimmer 2), mertail
a: Begin Untransformation


You were on level 5 of the Dungeon.
You were a hulking beast.
You visited 1 branch of the dungeon, and saw 5 of its levels.

You collected 210 gold pieces.
You spent 24 gold pieces at shops.

Inventory:

Missiles
 j - a poisoned dart (quivered)
Armour
 a - a +0 animal skin (worn)
 u - a +0 pair of gloves (melded)
Jewellery
 e - a +6 ring of strength (left hand)
Talismans
 c - a beast talisman (active)
 d - a flux talisman
Scrolls
 f - 2 scrolls of fog {unknown}
 g - a scroll of summoning {unknown}
 h - 2 scrolls of amnesia {unknown}
 i - 5 scrolls of identify
 l - a scroll of teleportation {unknown}
 m - a scroll of revelation {unknown}
 p - a scroll of poison {unknown}
 q - a scroll of blinking {unknown}
 t - a scroll of fear {unknown}
Potions
 b - a potion of lignification
 k - 2 potions of curing
 n - a potion of resistance {unknown}
 o - a potion of invisibility {unknown}
 r - a potion of might {unknown}
 s - 2 potions of enlightenment {unknown}


   Skills:
 + Level 2.1 Fighting
 + Level 1.0 Throwing
 + Level 4.1 Dodging
 + Level 2.4 Stealth
 + Level 6.2 Unarmed Combat
 * Level 6.3 Shapeshifting


You had 6 spell levels left.
You didn't know any spells.
Your spell library contained the following spells:

 Spells                   Type           Power      Damage    Failure   Level
 Blink                    Tloc           0%         N/A       52%         2
 Ensorcelled Hibernation  Hex/Ice        0%         N/A       52%         2
 Jinxbite                 Hex            0%         N/A       52%         2
 Tukima's Dance           Hex            0%         N/A       77%         3
 Anguish                  Hex/Necr       0%         N/A       99%         4
 Manifold Assault         Tloc           0%         N/A       99%         4
 Passage of Golubria      Tloc           0%         N/A       99%         4
 Yara's Violent Unravell  Hex/Tmut       0%         3d3       100%        5


Dungeon Overview and Level Annotations

Branches:
Dungeon (5/15)
 Temple: D:4-7

Altars:
Fedhas
Hepliaklqana
Trog
Vehumet

Shops:
D:1 ?   D:5 ?(*

Annotations:
D:4 exclusion: downstairs, Blork the orc, Dowan, Duvessa, Edmund
D:5 exclusion: sleepcap


Innate Abilities, Weirdness & Mutations

You are a hulking beast.
Your limbs bulge with bestial killing power. (Slay +3)
((You are very nimble when in or above water. (Stealth+, EV+, Speed+++)))
Your lower body shifts to a powerful aquatic tail in water.


Message History

You are poisoned.
The killer bee poisons you!
Throw: 3 darts (poison)
Press: ? - help, Q - select action Shift-Dir - straight line, f/p - killer bee
Aim: a killer bee (lightly wounded, poisoned, 29% to hit)
Okay, then.
Throw: 3 darts (poison)
Press: ? - help, Q - select action Shift-Dir - straight line, f/p - killer bee
Aim: a killer bee (lightly wounded, poisoned, 31% to hit)
You throw a poisoned dart.
The poisoned dart closely misses the killer bee.
You feel sick. The killer bee stings you! The adder barely misses you.
The killer bee stings you. The adder bites you.
Unknown command.
Throw: 2 darts (poison)
Press: ? - help, Q - select action Shift-Dir - straight line, f/p - killer bee
Aim: a killer bee (moderately wounded, poisoned, 31% to hit)
You throw a poisoned dart.
The poisoned dart barely misses the killer bee.
You feel sick. The killer bee stings you.
* * * LOW HITPOINT WARNING * * *
The adder closely misses you. The killer bee barely misses you.
Unknown command.
You feel better. The killer bee stings you! The adder misses you.
The killer bee misses you.
Unknown command.
The killer bee stings you!
* * * LOW HITPOINT WARNING * * *
The killer bee barely misses you.
You hit the killer bee. Your punch misses the killer bee.
The killer bee is severely wounded.
The adder barely misses you. The killer bee closely misses you.
You miss the killer bee.
The killer bee is severely wounded.
The killer bee looks more healthy.
The killer bee stings you!
* * * LOW HITPOINT WARNING * * *
You are lethally poisoned!
The killer bee poisons you! The adder closely misses you.
The killer bee stings you!
You die...

..........#
..........#
..#......$#####
.........(....##
:....(#........#
##.(.......# #
###..###.....#
#...####.Sy##
#..#########
#........h.#
#...#.......
##........##
#.>.........
##########
#.....#.###.
#....#......
######....#######
#......#...><....
#.######...#.#.##
#..#.......#.#.#
#..#.####..#.#.##


You could see a killer bee and an adder.

Vanquished Creatures
  4 scorpions
  An orc priest (D:3)
  2 hounds (D:5)
  2 orc wizards (D:3)
  8 adders
  An ufetubus (D:4)
  A dart slug (D:2)
  2 worms (D:2)
  13 orcs
  4 endoplasms
  8 giant cockroaches
  9 hobgoblins
  2 jackals (D:3)
  2 quokkas
  10 ball pythons
  8 bats
  2 frilled lizards (D:1)
  7 goblins
  5 kobolds
  2 rats
93 creatures vanquished.

Vanquished Creatures (others)
  An orc (D:4)
  An endoplasm (D:4)
2 creatures vanquished.

Grand Total: 95 creatures vanquished

Notes
Turn   | Place    | Note
-------+----------+-------------------------------------------
     0 | D:1      | dynsetu the Merfolk Shapeshifter began the quest for the
                  | Orb.
     0 | D:1      | Reached XP level 1. HP: 15/15 MP: 1/1
    22 | D:1      | Found Ytebunlo's Magic Scroll Shoppe.
   195 | D:1      | Reached XP level 2. HP: 20/21 MP: 2/2
   376 | D:1      | Found a faded altar of an unknown god.
   581 | D:1      | Bought a scroll of identify for 24 gold pieces
   691 | D:2      | Reached XP level 3. HP: 23/26 MP: 3/3
   755 | D:2      | Identified the +7 mace "Bebuskic" {vamp, *Corrode rN+ Int-4
                  | Dex+7}
   824 | D:2      | Identified the +3 sling of the Messenger {freeze, Str+3
                  | Int+6 Dex-5}
  1243 | D:2      | Reached skill level 5 in Shapeshifting
  1328 | D:2      | Reached XP level 4. HP: 25/32 MP: 4/4
  1733 | D:3      | Found a bloodstained altar of Trog.
  1733 | D:3      | Found a radiant altar of Vehumet.
  1792 | D:3      | Reached skill level 1 in Stealth
  1797 | D:3      | Reached XP level 5. HP: 14/37 MP: 5/5
  1975 | D:3      | Found a hazy altar of Hepliaklqana.
  2025 | D:3      | You fall into a shaft and drop 2 floors!
  2025 | D:5      | Entered Level 5 of the Dungeon
  2058 | D:5      | Found Kuclin's Magic Scroll Shop.
  2115 | D:4      | Noticed Edmund
  2118 | D:4      | Noticed Blork the orc
  2122 | D:4      | Found a blossoming altar of Fedhas.
  2161 | D:4      | Reached skill level 5 in Unarmed Combat
  2181 | D:5      | Found Fohonab's General Store.
  2314 | D:5      | Found Hanieklo's Weapon Boutique.
  2321 | D:5      | Reached XP level 6. HP: 43/43 MP: 6/6
  2711 | D:4      | Noticed Dowan
  2712 | D:4      | Noticed Duvessa
  3293 | D:3      | Reached XP level 7. HP: 45/49 MP: 7/7
  3554 | D:4      | Noticed a steam dragon
  3819 | D:5      | Reached skill level 1 in Throwing
  3914 | D:5      | HP: 2/50 [killer bee (8)]
  3914 | D:5      | Mangled by a killer bee

Illustrated notes

Levels and vault maps discovered:
D:1:      elethiomel_arrival_shortcut, layout_loops_ring,
          ebering_ecumenical_altar_webs, serial_shops, shop, minmay_tetromino_i2
D:2:      minmay_chambers_of_twos, layout_loops_ring, minivault_26
D:3:      corexii_shack_village, layout_basic, mainiacjoe_overflow_24_doors,
          gammafunk_temple_overflow_elements, minmay_box_of_dots
D:4:      layout_rooms, mainiacjoe_overflow_concentric_impassable,
          kennysheep_potato, uniq_edmund, uniq_blork_the_orc, uniq_duvessa
D:5:      layout_basic, serial_shops, nicolae_stop_n_shop_2,
          nicolae_shop_bloodbath_and_beyond, nicolae_shop_statue_plus,
          minmay_manual_moon

Skill      XL: |  1  2  3  4  5  6  7 |
---------------+----------------------+-----
Dodging        | 3 4 |  4.1
Unarmed Combat | 4 5 6 |  6.2
Shapeshifting  | 5 6 |  6.3
Stealth        | 1 2 |  2.4
Fighting       | 2 |  2.1
Throwing       | 1 |  1.0

Action                     |  1- 3 |  4- 6 |  7- 9 || total
---------------------------+-------+-------+-------++-------
  Melee: Unarmed           |    90 |   112 |    24 ||   226
         Punch             |     4 |     7 |     3 ||    14
         Tailslap          |       |     1 |       ||     1
  Throw: Dart              |       |     9 |     6 ||    15
Ability: Begin Untransform |       |       |     1 ||     1
    Use: Scroll            |       |     1 |       ||     1
         Potion            |       |     1 |     1 ||     2
   Stab: Sleeping          |     1 |     3 |     2 ||     6
 Armour: Animal skin       |    39 |    49 |    24 ||   112
  Dodge: Dodged            |    67 |    80 |    26 ||   173
   Form: Beast             |       |       |     1 ||     1

Table legend: (Time is in decaauts)
 A = Elapsed time spent in this place.
 B = Non-inter-level travel time spent in this place.
 C = Inter-level travel time spent in this place.
 D = Time resting spent in this place.
 E = Time spent auto-exploring this place.
 F = Levels seen in this place.
 G = Mean time per level.
                   A        B        C        D        E       F      G
               +--------+--------+--------+--------+--------+-----+--------+
         Total |   3892 |   3640 |    252 |    126 |   2706 |   5 |  778.4 |
       Dungeon |   3892 |   3640 |    252 |    126 |   2706 |   5 |  778.4 |
               +--------+--------+--------+--------+--------+-----+--------+

Top non-repeatable levels by time:
     D:3: 1408 daAuts
     D:2: 851 daAuts
     D:5: 713 daAuts
     D:1: 593 daAuts
     D:4: 325 daAuts
